Map: Jagannatha LE

Players

TeebuL - Winner!

  • Race: Protoss Protoss

Raza

  • Race: Terran Terran

Event: DreamHack SC2 Masters 2021 Winter

VOD

Have the link to the VOD?

Description

Time

  • Played on: Oct. 2, 2021, 7:03 a.m.
  • Length: 23:46

All games in this series

Show
View Real Time Build Order
Export as new Build Order

TeebuL Protoss - Winner!

Build Orders: Oracle Opening, Chargelot Immortal 

Get SALT Encoding   

  12  0:00  Probe  
  13  0:12  Probe  
  14  0:18  Pylon  
  14  0:24  Probe (Chrono Boost)  
  15  0:37  Probe (Chrono Boost)  
  15  0:39  Gateway  
  16  0:44  Probe (Chrono Boost)  
  17  0:51  Probe  
  17  0:55  Assimilator  
  18  1:03  Probe  
  19  1:15  Assimilator, Probe  
  20  1:27  Probe  
  20  1:30  Zealot  
  20  1:31  Cybernetics Core  
  23  1:48  Pylon  
  23  2:04  Adept (Chrono Boost)  
  23  2:06  Probe  
  26  2:09  Stargate  
  26  2:15  Pylon  
  26  2:17  Warp Gate  
  26  2:18  Probe  
  25  2:24  Shield Battery  
  26  2:44  Probe  
  26  2:50  Oracle (Chrono Boost)  
  28  3:13  Gateway  
  28  3:17  Nexus  
  28  3:20  Probe  
  29  3:33  Twilight Council  
  29  3:37  Probe  
  30  3:41  Gateway  
  33  4:02  Blink (Chrono Boost)  
  33  4:08  Stalker x2  
  34  4:18  Probe, Pylon  
  32  4:36  Stalker x2  
  34  4:40  Stalker  
  30  4:52  Probe  
  29  5:00  Stalker x2  
  29  5:06  Stalker  
  35  5:09  Probe  
  35  5:12  Probe  
  37  5:22  Probe  
  37  5:24  Stalker  
  37  5:27  Stalker  
  42  5:30  Probe  
  42  5:35  Shield Battery  
  43  5:37  Probe  
  44  5:44  Probe  
  44  5:49  Robotics Facility  
  46  5:50  Probe  
  46  5:56  Probe  
  47  6:01  Stalker  
  47  6:03  Probe (Chrono Boost)  
  50  6:09  Probe (Chrono Boost)  
  51  6:16  Probe (Chrono Boost), Sentry  
  55  6:20  Probe (Chrono Boost), Charge (Chrono Boost)  
  55  6:23  Probe (Chrono Boost)  
  55  6:25  Probe (Chrono Boost)  
  56  6:30  Probe  
  58  6:33  Nexus  
  58  6:36  Probe  
  59  6:42  Probe  
  60  6:53  Pylon  
  60  6:56  Pylon  
  60  6:59  Gateway  
  60  7:02  Gateway  
  60  7:08  Pylon x2  
  60  7:10  Gateway  
  60  7:12  Immortal (Chrono Boost)  
  64  7:18  Sentry  
  64  7:20  Probe  
  64  7:21  Probe  
  68  7:25  Zealot  
  70  7:31  Zealot  
  72  7:41  Zealot  
  72  7:42  Probe  
  76  7:46  Immortal (Chrono Boost), Zealot  
  81  7:53  Zealot, Probe  
  84  8:04  Zealot x3, Pylon  
  86  8:11  Zealot x2  
  90  8:19  Zealot  
  92  8:26  Zealot x3  
  98  8:32  Zealot x2  
  86  8:42  Zealot  
  64  8:49  Zealot x2  
  64  8:50  Zealot  
  58  8:57  Immortal (Chrono Boost)  
  58  8:59  Zealot x2  
  60  9:05  Zealot  
  62  9:15  Zealot x3  
  68  9:18  Templar Archives  
  68  9:19  Shield Battery  
  68  9:21  Pylon  
  68  9:27  Zealot x3  
  68  9:29  Immortal  
  78  9:36  Psionic Storm  
  76  9:40  Zealot x3  
  80  9:48  Probe x3  
  83  9:57  Zealot x3  
  89  10:01  High Templar  
  89  10:02  Zealot x2  
  89  10:03  Probe  
  89  10:06  Pylon  
  96  10:13  Probe x2  
  98  10:15  Probe  
  98  10:19  Assimilator  
  98  10:20  Assimilator, High Templar  
  101  10:25  Probe  
  101  10:26  Forge  
  101  10:27  Forge, Pylon x2  
  102  10:29  Probe x2  
  104  10:36  Assimilator, High Templar  
  104  10:37  Assimilator  
  104  10:40  Warp Prism (Chrono Boost)  
  106  10:47  Gateway  
  108  10:50  Gateway  
  108  10:56  Protoss Ground Armor Level 1 (Chrono Boost), Zealot x2  
  112  10:58  Protoss Ground Weapons Level 1 (Chrono Boost), High Templar  
  112  11:02  Probe  
  115  11:11  Zealot x2  
  117  11:15  Zealot  
  121  11:23  Robotics Bay  
  121  11:28  Probe x2  
  121  11:32  Zealot x4  
  129  11:47  High Templar  
  129  11:48  High Templar  
  133  11:58  Pylon  
  133  11:59  Pylon  
  133  12:00  Pylon  
  133  12:03  Pylon  
  133  12:04  Nexus  
  133  12:06  Pylon  
  133  12:12  Disruptor (Chrono Boost), Pylon  
  133  12:19  Pylon  
  133  12:21  High Templar x4  
  133  12:22  Zealot x3  
  148  12:26  Archon x2  
  148  12:30  Zealot  
  150  12:38  Disruptor (Chrono Boost)  
  150  12:40  Probe x2  
  150  12:41  Probe  
  156  12:45  Protoss Ground Armor Level 2 (Chrono Boost)  
  156  12:46  Protoss Ground Weapons Level 2 (Chrono Boost)  
  154  12:52  Probe  
  154  12:53  Probe x2  
  154  12:58  Robotics Facility  
  157  12:59  Pylon  
  157  13:04  Probe  
  157  13:05  Probe, Disruptor (Chrono Boost)  
  162  13:13  Extended Thermal Lance, Probe  
  162  13:17  Probe  
  162  13:26  Probe  
  157  13:31  Probe x3  
  157  13:32  Assimilator  
  156  13:34  Assimilator  
  156  13:38  Probe  
  156  13:41  Disruptor  
  160  13:43  Probe x3  
  163  13:53  Zealot x5  
  163  13:54  Zealot x3  
  174  14:09  Disruptor (Chrono Boost)  
  171  14:16  Disruptor (Chrono Boost)  
  163  14:22  Zealot x8  
  161  14:41  Disruptor (Chrono Boost)  
  161  14:44  Zealot x8  
  171  14:56  Archon  
  162  15:04  Zealot x4  
  162  15:05  Zealot x4  
  160  15:18  Probe  
  160  15:19  Probe x3  
  160  15:20  Colossus (Chrono Boost)  
  164  15:25  Zealot x8  
  188  15:30  Colossus (Chrono Boost)  
  188  15:31  Protoss Ground Armor Level 3 (Chrono Boost)  
  163  15:45  Gateway, High Templar  
  163  15:46  Gateway  
  163  15:47  Gateway  
  165  15:50  Zealot x6  
  165  15:57  Dark Shrine  
  169  16:07  Disruptor  
  169  16:08  Nexus  
  168  16:13  Zealot x5  
  168  16:14  Zealot  
  168  16:17  Disruptor  
  164  16:27  Protoss Ground Weapons Level 3 (Chrono Boost)  
  164  16:29  Zealot  
  164  16:32  Pylon  
  166  16:36  Pylon  
  147  16:40  Zealot x5  
  147  16:41  Zealot  
  147  16:44  High Templar x3  
  163  16:49  Archon  
  163  16:50  High Templar  
  165  17:03  Stalker x6  
  172  17:18  Dark Templar x3  
  176  17:29  Shadow Stride (Chrono Boost)  
  161  17:30  Zealot x5  
  167  17:43  Probe (Chrono Boost)  
  167  17:52  Archon, Probe (Chrono Boost)  
  167  17:53  High Templar  
  167  17:55  High Templar x3  
  167  17:56  Stalker x3, High Templar  
  167  17:57  Probe (Chrono Boost)  
  183  17:59  Archon  
  183  18:00  Archon  
  183  18:04  Dark Templar  
  184  18:08  Disruptor x2 (Chrono Boost)  
  184  18:09  Probe  
  183  18:21  Probe  
  183  18:24  Stalker x3  
  188  18:33  Probe (Chrono Boost)  
  189  18:42  Dark Templar x4  
  189  18:43  Probe (Chrono Boost)  
  189  18:48  Probe (Chrono Boost)  
  193  18:59  Probe  
  190  19:06  Stalker x5  
  190  19:19  Dark Templar x3  
  190  19:20  Nexus  
  190  19:22  Pylon  
  165  19:27  Stalker x4  
  144  19:35  Disruptor  
  144  19:36  Disruptor  
  144  19:40  Nexus  
  144  19:41  High Templar  
  144  19:42  Probe (Chrono Boost)  
  147  19:51  Probe (Chrono Boost)  
  142  19:52  Zealot  
  142  19:53  Zealot x7  
  158  20:11  Disruptor  
  161  20:17  Dark Templar x2  
  165  20:27  Probe x3  
  168  20:29  Assimilator  
  168  20:30  Dark Templar  
  168  20:32  Assimilator  
  170  20:39  Zealot x4, Probe, Pylon  
  171  20:58  Zealot x2, Dark Templar x2  
  177  21:11  Zealot x5  
  175  21:19  Colossus x2 (Chrono Boost)  
  177  21:28  Probe x4  
  171  21:40  Probe x4  
  171  21:41  Zealot, Dark Templar x3  
  183  21:52  Probe x3  
  182  21:57  Archon  
  178  22:02  Zealot x6  
  182  22:19  Zealot x3  
  182  22:21  Observer, Disruptor (Chrono Boost)  
  190  22:29  Nexus, High Templar x4  
  198  22:30  Pylon, High Templar  
  198  22:33  Archon x2  
  198  22:42  Disruptor (Chrono Boost)  
  196  22:48  Zealot  
  199  23:00  Assimilator  
  199  23:02  Photon Cannon x2, Assimilator  
Show
View Real Time Build Order
Export as new Build Order

Raza Terran 

Build Orders: Cyclone Opening 

Get SALT Encoding   

  12  0:00  SCV  
  13  0:12  SCV  
  14  0:18  Supply Depot  
  14  0:24  SCV  
  15  0:40  SCV, Barracks  
  16  0:48  Refinery  
  16  0:52  SCV  
  17  0:59  Refinery  
  17  1:04  SCV  
  18  1:16  SCV  
  19  1:27  Reaper  
  19  1:28  Orbital Command  
  20  1:36  Engineering Bay  
  20  1:49  Factory  
  20  1:55  SCV  
  21  2:04  Supply Depot  
  21  2:10  SCV  
  22  2:24  SCV  
  22  2:26  Engineering Bay  
  23  2:35  Factory Tech Lab  
  23  2:42  SCV  
  24  2:45  Starport  
  24  2:54  SCV, Cyclone  
  28  3:01  Missile Turret  
  28  3:06  SCV  
  29  3:17  Supply Depot  
  29  3:18  SCV  
  30  3:24  Viking  
  32  3:32  Cyclone  
  35  3:38  Barracks Reactor, SCV  
  35  3:59  Command Center  
  36  4:13  Barracks  
  36  4:15  Raven, Factory Tech Lab  
  37  4:17  SCV  
  37  4:19  Marine  
  37  4:23  Marine  
  40  4:42  SCV  
  36  4:54  SCV  
  36  4:56  Siege Tank, Marine x2  
  39  5:03  Barracks  
  39  5:06  SCV  
  40  5:09  Stimpack, Bunker  
  40  5:15  Marine  
  40  5:16  Marine  
  40  5:18  SCV, Marine  
  44  5:23  Starport Tech Lab  
  44  5:26  Orbital Command  
  44  5:33  SCV  
  44  5:35  Terran Infantry Weapons Level 1, Marine  
  45  5:36  Marine  
  45  5:41  Supply Depot  
  47  5:45  Marauder  
  47  5:48  SCV  
  51  5:57  Supply Depot  
  51  5:58  Marine  
  51  5:59  Marine  
  51  6:01  SCV, Siege Tank  
  55  6:05  SCV  
  55  6:07  Marauder  
  58  6:12  Marauder  
  58  6:18  Supply Depot  
  61  6:21  Marine  
  61  6:22  Marine  
  61  6:24  Concussive Shells  
  62  6:27  Medivac  
  62  6:29  SCV  
  65  6:35  Siege Tank  
  65  6:39  Missile Turret  
  68  6:41  Marine  
  68  6:42  Marine  
  68  6:45  SCV  
  68  6:46  SCV  
  72  6:50  Marauder  
  72  6:54  Marauder  
  76  6:57  SCV  
  76  6:59  Medivac  
  79  7:03  Marine  
  79  7:04  Refinery  
  79  7:05  Marine  
  81  7:10  Supply Depot  
  81  7:11  SCV  
  81  7:12  Marauder  
  81  7:14  Combat Shield  
  84  7:19  Marauder  
  86  7:26  Supply Depot  
  86  7:29  Supply Depot  
  86  7:31  SCV x2, Marine x2  
  86  7:32  Marine  
  86  7:35  Supply Depot  
  91  7:41  Siege Tank  
  91  7:43  SCV x2  
  96  7:47  Marauder  
  97  7:54  Medivac, Marine x2  
  101  8:02  Marine  
  101  8:03  SCV  
  101  8:04  SCV  
  102  8:09  Marauder  
  104  8:12  Command Center  
  104  8:13  Marine x2  
  106  8:23  Siege Tank  
  106  8:24  Marine  
  106  8:26  Starport Reactor  
  109  8:28  SCV  
  109  8:30  Marauder  
  109  8:31  Marine  
  82  8:52  Marine  
  82  8:53  Marauder  
  82  8:54  Marine  
  82  8:55  Marauder, Siege Tank  
  80  8:58  SCV  
  80  9:00  SCV  
  84  9:10  Marine  
  84  9:12  Marine  
  84  9:13  Barracks  
  84  9:14  Barracks  
  84  9:15  SCV  
  84  9:16  Terran Infantry Armor Level 1  
  87  9:17  SCV, Armory  
  87  9:18  Engineering Bay  
  87  9:21  Marine  
  89  9:27  Liberator, SCV  
  89  9:29  SCV  
  94  9:33  Marine  
  94  9:34  Orbital Command  
  94  9:39  SCV  
  94  9:41  SCV  
  94  9:45  Marauder x2, Marine  
  91  9:51  Marine  
  90  9:53  Factory Reactor  
  90  9:55  SCV  
  90  9:59  SCV  
  92  10:00  Orbital Command  
  92  10:07  SCV  
  92  10:09  Terran Infantry Weapons Level 2, Barracks Reactor  
  92  10:11  SCV  
  94  10:19  SCV  
  95  10:23  Marauder x2, SCV, Marine  
  101  10:31  Ghost Academy, Refinery, SCV  
  101  10:32  Widow Mine  
  101  10:33  Widow Mine  
  106  10:35  SCV  
  106  10:38  Marine  
  106  10:39  Marauder  
  110  10:43  Marine  
  110  10:44  SCV, Marine  
  110  10:45  Refinery  
  110  10:46  Medivac  
  115  10:50  Refinery  
  115  10:53  Medivac, Marine x2  
  115  10:55  Marauder  
  123  10:57  Widow Mine  
  123  11:00  Widow Mine  
  123  11:01  Marine  
  123  11:03  SCV  
  127  11:07  Marine x2  
  127  11:08  SCV  
  130  11:15  Terran Infantry Armor Level 2  
  130  11:17  Marine  
  131  11:20  SCV, Command Center  
  131  11:22  Marine  
  133  11:27  Enhanced Shockwaves  
  133  11:28  Marine x3  
  133  11:29  Marauder  
  137  11:35  Widow Mine x2  
  141  11:41  Marine x3  
  141  11:45  Supply Depot  
  141  11:46  Marine  
  147  11:47  Marauder  
  147  11:49  Ghost  
  149  11:55  Supply Depot, Marine  
  149  11:56  Supply Depot  
  149  11:59  Marine, Ghost  
  153  12:02  Widow Mine x2  
  153  12:07  Marine x2  
  159  12:08  Viking  
  159  12:13  Viking  
  163  12:16  Marine  
  163  12:17  Marine x2  
  163  12:18  Marine  
  167  12:26  Bunker  
  169  12:30  Marine  
  169  12:31  Missile Turret  
  169  12:33  Missile Turret  
  169  12:36  Marauder, Marine  
  173  12:40  Missile Turret, Marine x2  
  176  12:53  Viking x2  
  176  12:54  Marine  
  176  12:56  Terran Infantry Weapons Level 3  
  176  12:58  Missile Turret  
  178  13:03  Missile Turret, Planetary Fortress  
  178  13:05  SCV  
  179  13:07  Marine x2  
  179  13:11  Marine x2  
  183  13:15  Marauder, Marine  
  183  13:17  Marine  
  187  13:25  Marine  
  187  13:29  Marine  
  187  13:30  Marauder  
  190  13:40  Marine x2, Ghost  
  190  13:41  Marauder  
  196  13:46  Barracks  
  196  13:47  Barracks  
  196  13:49  Barracks  
  196  13:50  Supply Depot  
  196  14:04  Marine x3  
  196  14:05  Marine x3  
  196  14:12  Marauder, Medivac x2  
  188  14:22  Marine x4  
  188  14:23  Marauder  
  189  14:24  Widow Mine x2, Marine  
  188  14:33  Marine  
  188  14:34  Marauder, SCV  
  188  14:35  SCV  
  188  14:38  Marine x2  
  193  14:40  Ghost  
  193  14:42  Marine  
  193  14:44  Marauder, Marine  
  197  14:54  Marine  
  197  14:55  Marauder, Marine  
  178  15:00  Marine x2  
  178  15:06  Marauder  
  180  15:07  Medivac  
  180  15:09  Marauder  
  180  15:11  Marine  
  180  15:12  Marine  
  180  15:13  Marine  
  180  15:16  Marauder  
  180  15:18  Marine  
  180  15:20  Marine  
  184  15:22  Marine  
  184  15:24  Marine  
  184  15:27  Marauder  
  188  15:30  Marauder  
  171  15:38  Marine  
  171  15:40  Barracks Tech Lab  
  171  15:41  SCV  
  175  15:43  Barracks Tech Lab  
  175  15:44  Barracks Tech Lab  
  175  15:45  Command Center  
  175  15:49  Marauder  
  177  15:50  Marine  
  177  15:51  Marine  
  177  15:52  Marauder  
  177  15:53  Liberator  
  177  15:54  Terran Ship Weapons Level 1  
  177  15:57  Liberator  
  182  15:58  Marine  
  182  16:01  Marine  
  185  16:16  Marauder  
  181  16:19  Marine x2, Ghost  
  181  16:20  Marauder  
  181  16:25  Marauder, Marine  
  176  16:26  Marine  
  176  16:28  Marine  
  176  16:29  Marauder  
  180  16:37  Marine x3  
  178  16:41  Marine  
  178  16:42  Liberator, Marine  
  178  16:44  Liberator  
  178  16:45  Marine  
  189  16:47  Marauder  
  189  16:52  Marauder, Marine x2  
  193  17:01  Marauder x2, Marine x2  
  197  17:06  Missile Turret  
  199  17:17  Marine  
  198  17:29  Marauder, Marine x2  
  186  17:30  Marauder, Ghost  
  186  17:31  Marauder x2, Marine x2  
  186  17:34  Planetary Fortress  
  186  17:35  Marine  
  191  17:37  Liberator x2  
  191  17:40  Terran Infantry Armor Level 3  
  195  17:47  Fusion Core  
  195  17:49  Marine  
  196  17:52  Marauder, Marine x2  
  200  18:02  Command Center  
  200  18:22  Marine  
  200  18:23  Marauder  
  189  18:28  Marine  
  189  18:29  Marauder x3  
  189  18:30  Marauder x2  
  189  18:33  Terran Ship Weapons Level 2, Advanced Ballistics  
  200  18:42  Command Center  
  194  18:58  Marauder, Marine x2, Ghost  
  200  19:16  Marauder, Marine  
  156  19:27  Viking x2  
  156  19:28  Marauder, Ghost x2, Marine x3  
  156  19:29  Marauder x2  
  146  19:33  Marine  
  146  19:37  Ghost  
  115  19:40  SCV x2  
  115  19:41  Refinery  
  115  19:42  Refinery  
  115  19:45  Marine  
  115  19:46  Marine x2  
  115  19:49  Marine  
  115  19:50  Marauder x2  
  115  19:51  Marine  
  124  19:57  Marine x2  
  126  20:01  SCV  
  126  20:02  Refinery  
  126  20:03  Marine  
  126  20:04  Refinery, Marine x2  
  126  20:06  Marauder  
  131  20:08  Marauder  
  131  20:09  Marine  
  131  20:11  Marauder  
  131  20:12  Marauder  
  126  20:15  Marauder x2  
  130  20:21  Marine x2  
  130  20:22  Marine  
  130  20:23  SCV  
  130  20:27  Marine  
  130  20:28  Marauder  
  137  20:29  Marauder  
  137  20:33  Marauder x2, Medivac  
  145  20:36  Marauder x2, Medivac  
  145  20:39  Marine x3  
  148  20:45  Marine  
  148  20:49  Marauder  
  144  20:50  Marine  
  144  20:53  Marine  
  144  20:54  Marauder  
  144  20:57  Marine x2  
  141  20:58  Marauder x2  
  141  20:59  Marine  
  141  21:03  Marine  
  149  21:07  Planetary Fortress  
  149  21:08  Marauder  
  149  21:10  Marauder, Medivac  
  155  21:12  Medivac  
  152  21:21  Marine  
  152  21:22  Marine  
  152  21:23  Marine  
  152  21:25  Marine  
  140  21:28  Marauder, Marine  
  140  21:30  Marine  
  133  21:33  Marine  
  136  21:40  Medivac  
  136  21:43  Medivac  
  136  21:45  Marine x2  
  142  21:48  Ghost  
  142  21:53  Marine  
  142  21:54  Marauder, Marine x2  
  145  21:55  Marine  
  145  21:56  Marine  
  145  21:58  Marine  
  142  22:03  Marine x2  
  144  22:11  Marine x2  
  144  22:12  Marine  
  144  22:15  Marine, Ghost  
  139  22:16  Marine  
  139  22:19  SCV  
  139  22:20  SCV  
  143  22:24  Marine x2  
  143  22:26  SCV  
  139  22:30  Orbital Command  
  134  22:37  Marine  
  134  22:38  Marauder  
  127  22:47  Viking x2  
  127  22:49  Marine  
  127  22:51  Marine  
  133  22:56  SCV  
  133  22:58  Marine x2  
  134  23:01  Marine  
  134  23:03  Marine  
  138  23:06  Marine  
  138  23:07  Marine  

Tags
 
Add a new tag
Caveats
  • Supply blocks, unpowered buildings, or Contaminate may cause inaccurate times.
  • Supply counts are checked every 10 seconds.